[Event "Titled Tuesday Blitz May 9 Late 2023"]
[White "Escalante Ramirez, Rafael"]
[Black "Stachanczyk, Jacek"]
[WhiteFideId "3900177"]
[BlackFideId "1116657"]
[WhiteElo "2179"]
[BlackElo "2084"]
[Result "0-1"]
[Round "11"]
[TimeControl "180+2"]
[Date "2023.05.09"]
[WhiteClock "0:00:00"]
[BlackClock "0:00:05"]

1. Nf3 g6 2. d4 Nf6 3. c4 Bg7 4. g3 d6 5. Bg2 O-O 6. O-O c6 7. Nc3 a6 8. a4 a5 9. e4 Qc7 10. h3 e5 11. Be3 exd4 12. Nxd4 Re8 13. Qc2 Na6 14. Rad1 Nc5 15. Bf4 Nfd7 16. Rfe1 Ne5 17. b3 Ne6 18. Be3 Nc5 19. f4 Ned7 20. Bf2 h5 21. Nf3 Qb6 22. Nd2 Qb4 23. Na2 Qb6 24. Kh2 Nf6 25. Nc3 Qb4 26. Ncb1 Be6 27. Kh1 Rad8 28. Bd4 Nfd7 29. Bxg7 Kxg7 30. Nc3 Nf6 31. f5 Bc8 32. fxg6 fxg6 33. Nf3 Nfd7 34. Ng5 Ne5 35. Rf1 Rf8 36. Rxf8 Rxf8 37. Rxd6 Qa3 38. Qd2 Qa1+ 39. Kh2 Kg8 40. Ne2 Nxb3 41. Qe3 Qb2 42. Nf4 Bg4 43. Nxg6 Bf3 44. Nf4 Bxg2 45. Nxg2 Rf2 0-1


[Site "https://www.chess.com"]

[Event "Titled Tuesday Blitz May 9 Late 2023"]
[White "Rodriguez Santiago, Jaime"]
[Black "Chessadiction1990"]
[WhiteFideId "3100898"]
[WhiteElo "2025"]
[BlackElo "2141"]
[Result "1-0"]
[Round "11"]
[TimeControl "180+2"]
[Date "2023.05.09"]
[WhiteClock "0:00:43"]
[BlackClock "0:00:00"]

1. c4 e5 2. Nc3 Nf6 3. g3 d5 4. cxd5 Nxd5 5. Bg2 Nb6 6. e3 Be7 7. Nge2 O-O 8. O-O Nc6 9. f4 exf4 10. Nxf4 Bf5 11. b3 Qd7 12. Bb2 Rad8 13. Nfd5 Nxd5 14. Nxd5 Bd3 15. Rf2 Bd6 16. Qh5 Bg6 17. Qh4 Ne5 18. Raf1 c6 19. Nf4 Nd3 20. Nxd3 Bxd3 21. Re1 Qe6 22. Bh3 Qe7 23. Qd4 Qg5 24. Qh4 Qxh4 25. gxh4 f6 26. Be6+ Kh8 27. Kg2 Be5 28. Ba3 Rfe8 29. Bg4 h6 30. h5 Kh7 31. e4 b6 32. Bf5+ 1-0


[Site "https://www.chess.com"]

[Event "Titled Tuesday Blitz May 9 Late 2023"]
[White "Harish, Neeraj"]
[Black "Joubert, Dantelle"]
[WhiteFideId "30958130"]
[BlackFideId "14310813"]
[WhiteElo "1879"]
[BlackElo "1507"]
[Result "0-1"]
[Round "11"]
[TimeControl "180+2"]
[Date "2023.05.09"]
[WhiteClock "0:00:04"]
[BlackClock "0:00:25"]

1. e4 d5 2. exd5 Qxd5 3. Nc3 Qd6 4. d4 Nf6 5. Nf3 Bg4 6. h3 Bh5 7. g4 Bg6 8. Ne5 c6 9. Bf4 Qb4 10. Rb1 e6 11. h4 Be4 12. f3 Bd5 13. a3 Qb6 14. Be2 Qd8 15. Qd2 Nbd7 16. h5 h6 17. Kf2 Be7 18. Rbg1 Qb6 19. Be3 Qc7 20. Bf4 Bd6 21. g5 hxg5 22. Rxg5 O-O-O 23. Qe3 g6 24. Rhg1 Nxh5 25. Bh2 Ng7 26. R5g2 Nf5 27. Qd2 Nxe5 28. dxe5 Bc5+ 29. Kf1 Ne3+ 0-1


[Site "https://www.chess.com"]

[Event "Titled Tuesday Blitz May 9 Late 2023"]
[White "Cooklev, Steven"]
[Black "Almedina Ortiz, Edgardo J."]
[WhiteFideId "2050552"]
[BlackFideId "3100197"]
[WhiteElo "2271"]
[BlackElo "2217"]
[Result "1-0"]
[Round "11"]
[TimeControl "180+2"]
[Date "2023.05.09"]
[WhiteClock "0:00:11"]
[BlackClock "0:00:00"]

1. e4 c5 2. Nf3 Nc6 3. Nc3 g6 4. d4 cxd4 5. Nxd4 Bg7 6. Be3 Nf6 7. Bc4 O-O 8. Bb3 Re8 9. O-O d6 10. h3 Bd7 11. f4 Nxd4 12. Bxd4 Bc6 13. Nd5 Nxe4 14. Bxg7 Kxg7 15. Qd4+ Nf6 16. f5 Bxd5 17. Bxd5 Rc8 18. Bxb7 Rxc2 19. fxg6 hxg6 20. b4 Qb6 21. Qxb6 axb6 22. a4 Rb8 23. Bf3 d5 24. Rfc1 Rxc1+ 25. Rxc1 Ra8 26. Rc6 Rxa4 27. Rxb6 Ra1+ 28. Kf2 Rb1 29. Ke3 e6 30. Kd4 g5 31. Rb7 Rc1 32. b5 Rc4+ 33. Ke5 Ne4 34. b6 Nc5 35. Rc7 Nd3+ 36. Kd6 Rb4 37. b7 Ne1 38. Bh5 Rb6+ 39. Kd7 Nxg2 40. Kc8 Nf4 41. Bxf7 Kf6 42. Bxe6 Nxe6 43. Rh7 d4 44. Rd7 1-0


[Site "https://www.chess.com"]

[Event "Titled Tuesday Blitz May 9 Late 2023"]
[White "Phillips, Rene"]
[Black "Torres Dominguez, David"]
[WhiteFideId "2056275"]
[BlackFideId "2220857"]
[WhiteElo "2184"]
[BlackElo "1999"]
[Result "0-1"]
[Round "11"]
[TimeControl "180+2"]
[Date "2023.05.09"]
[WhiteClock "0:00:00"]
[BlackClock "0:00:47"]

1. Nf3 d5 2. d4 Nf6 3. Bf4 e6 4. e3 c5 5. Nbd2 Bd6 6. Bg3 O-O 7. c3 Qc7 8. Ne5 Nbd7 9. f4 Ne4 10. Bd3 f6 11. Nxd7 Bxd7 12. Nxe4 dxe4 13. Bxe4 cxd4 14. cxd4 Qa5+ 15. Kf2 Rac8 16. a3 Rc7 17. b4 Qa6 18. Bd3 Bb5 19. Be4 Rfc8 20. Qf3 f5 21. Bb1 Bd3 22. Ba2 Rc2+ 23. Kg1 Rxa2 24. Rxa2 Rc1+ 25. Kf2 Rxh1 26. Bh4 Rf1+ 0-1


[Site "https://www.chess.com"]

[Event "Titled Tuesday Blitz May 9 Late 2023"]
[White "James, Stuart"]
[Black "Chemin, Justo Reinaldo"]
[WhiteFideId "7400489"]
[BlackFideId "2101580"]
[WhiteElo "1950"]
[BlackElo "1940"]
[Result "0-1"]
[Round "11"]
[TimeControl "180+2"]
[Date "2023.05.09"]
[WhiteClock "0:00:14"]
[BlackClock "0:00:08"]

1. e4 e6 2. d4 d5 3. Nd2 Nf6 4. e5 Nfd7 5. Bd3 c5 6. c3 Nc6 7. Ne2 cxd4 8. cxd4 f6 9. f4 fxe5 10. fxe5 Nxd4 11. Nxd4 Qh4+ 12. g3 Qxd4 13. Nf3 Bb4+ 14. Kf1 Qb6 15. Kg2 Be7 16. Rf1 O-O 17. Qc2 h6 18. Bh7+ Kh8 19. Bd3 Qc6 20. Qe2 d4 21. Be4 Qb6 22. Bf4 Nc5 23. Bb1 Bd7 24. Nh4 Bc6+ 25. Kh3 Bxh4 26. gxh4 d3 27. Bxd3 Nxd3 28. Qxd3 Rf5 29. Be3 Qxb2 30. Rxf5 Qxa1 31. Rh5 Rf8 32. Bxh6 Rf3+ 33. Qxf3 Bxf3 34. Bg5+ Kg8 35. Rh8+ Kxh8 36. Kg3 Bd5 37. Kf4 Qf1+ 38. Kg4 Qf5+ 39. Kg3 Qf3# 0-1


[Site "https://www.chess.com"]

[Event "Titled Tuesday Blitz May 9 Late 2023"]
[White "Tarnowska, Aleksandra"]
[Black "Maluco_do_Natal_00"]
[WhiteFideId "1180967"]
[WhiteElo "1776"]
[BlackElo "2027"]
[Result "1-0"]
[Round "11"]
[TimeControl "180+2"]
[Date "2023.05.09"]
[WhiteClock "0:00:05"]
[BlackClock "0:00:00"]

1. e4 c5 2. Nf3 Nc6 3. Bb5 e6 4. O-O Nge7 5. c3 d5 6. exd5 Nxd5 7. d4 a6 8. Ba4 b5 9. Bc2 Bb7 10. Bg5 Be7 11. Bxe7 Qxe7 12. Re1 O-O 13. Nbd2 cxd4 14. Nxd4 Nxd4 15. cxd4 Rac8 16. Rc1 Qg5 17. Nf3 Qh5 18. Re5 Qh6 19. h3 g6 20. Nh2 Nf6 21. Re3 Rfd8 22. Bb1 Rxc1 23. Qxc1 Rc8 24. Qd1 Nd5 25. Re1 Qg5 26. Nf3 Qf4 27. Be4 h5 28. Qe2 Qf6 29. Ne5 Kg7 30. Qd3 Rd8 31. Qg3 Nf4 32. Bxb7 Rxd4 33. Nf3 1-0


[Site "https://www.chess.com"]

[Event "Titled Tuesday Blitz May 9 Late 2023"]
[White "Van Baar, Esper"]
[Black "dorpato"]
[WhiteFideId "1049321"]
[WhiteElo "2158"]
[BlackElo "2000"]
[Result "1-0"]
[Round "11"]
[TimeControl "180+2"]
[Date "2023.05.09"]
[WhiteClock "0:00:05"]
[BlackClock "0:00:00"]

1. e4 c5 2. Nf3 g6 3. c3 d5 4. exd5 Qxd5 5. d4 Bg7 6. Be3 cxd4 7. cxd4 Nc6 8. Nc3 Qd8 9. Bc4 Nf6 10. h3 O-O 11. O-O Bf5 12. Ne5 Rc8 13. Qb3 Na5 14. Bxf7+ Kh8 15. Qd1 e6 16. Qf3 Qe7 17. g4 Bc2 18. Qe2 Ba4 19. Nxa4 Rxf7 20. Nxf7+ Qxf7 21. Nc3 Nc6 22. Rac1 Ne7 23. Rfd1 Rf8 24. Bg5 h6 25. Be3 h5 26. g5 Nh7 27. h4 Nf5 28. Ne4 Nxh4 29. Rc2 Nf3+ 30. Kg2 1-0


[Site "https://www.chess.com"]

[Event "Titled Tuesday Blitz May 9 Late 2023"]
[White "KSho99"]
[Black "Dias, Joao Batista"]
[BlackFideId "2108240"]
[WhiteElo "2133"]
[BlackElo "1907"]
[Result "1-0"]
[Round "11"]
[TimeControl "180+2"]
[Date "2023.05.09"]
[WhiteClock "0:00:58"]
[BlackClock "0:02:23"]

1. Nf3 Nf6 2. e3 g6 3. b3 Bg7 4. Bb2 O-O 5. d4 d6 6. Nbd2 a5 7. Be2 b6 8. O-O Bb7 9. c4 Nbd7 10. Qc2 Rc8 11. e4 c5 12. d5 Ng4 13. Bxg7 Kxg7 14. Qc3+ Nge5 15. Nxe5 dxe5 16. f4 f6 17. Bg4 Rc7 18. Bxd7 Qxd7 19. fxe5 fxe5 20. Rxf8 Kxf8 21. Rf1+ Kg8 22. Qxe5 Qd6 23. Nf3 Qxe5 24. Nxe5 Bc8 25. Rf7 Rb7 26. a4 Kh8 27. Rf8+ Kg7 28. Rxc8 1-0


[Site "https://www.chess.com"]

[Event "Titled Tuesday Blitz May 9 Late 2023"]
[White "Burke, Paul"]
[Black "Oliveira, Tiago Batista"]
[WhiteFideId "2605767"]
[BlackFideId "2108291"]
[WhiteElo "1910"]
[BlackElo "1962"]
[Result "0-1"]
[Round "11"]
[TimeControl "180+2"]
[Date "2023.05.09"]
[WhiteClock "0:00:58"]
[BlackClock "0:00:06"]

1. e4 c5 2. Nf3 Nc6 3. d4 cxd4 4. c3 dxc3 5. Nxc3 e5 6. Bc4 Be7 7. Qb3 Na5 8. Bxf7+ Kf8 9. Qd5 Nf6 10. Qxe5 Kxf7 11. Ng5+ Kf8 12. O-O Nc6 13. Qf4 d6 14. Nd5 h6 15. Nf3 Ne5 16. Nxe5 dxe5 17. Qxe5 Nxd5 18. exd5 Qd6 19. Qe4 Kf7 20. Bf4 Qf6 21. d6 Bxd6 22. Bxd6 Qxd6 23. Rad1 Qe6 24. Qf4+ Qf6 25. Qc7+ Kg8 26. Rd8+ Kh7 27. Rxh8+ Kxh8 28. Re1 Be6 29. Qxb7 Rf8 30. Qxa7 Qxb2 31. a4 Bb3 32. a5 Rf7 33. Qa8+ Kh7 34. Qe4+ g6 35. Qe8 Qxf2+ 36. Kh1 Qf1+ 0-1


[Site "https://www.chess.com"]

[Event "Titled Tuesday Blitz May 9 Late 2023"]
[White "Silva Rosas, Natalia"]
[Black "Dmitriev, Sergey"]
[WhiteFideId "3000575"]
[BlackFideId "14101785"]
[WhiteElo "1651"]
[BlackElo "2132"]
[Result "0-1"]
[Round "11"]
[TimeControl "180+2"]
[Date "2023.05.09"]
[WhiteClock "0:00:14"]
[BlackClock "0:00:53"]

1. e4 e5 2. Nf3 Nc6 3. d4 exd4 4. c3 d6 5. Bc4 Bg4 6. h3 Bxf3 7. Qxf3 Ne5 8. Qe2 Nxc4 9. Qxc4 dxc3 10. Nxc3 Nf6 11. Bg5 Be7 12. Bxf6 Bxf6 13. Nd5 O-O 14. O-O c6 15. Nxf6+ Qxf6 16. f4 Rfe8 17. e5 Qe6 18. Qxe6 Rxe6 19. exd6 Rxd6 20. Rf2 Rad8 21. Re1 Rd1 22. Re2 Rxe1+ 23. Rxe1 f6 24. Kf2 Rd2+ 25. Re2 Rxe2+ 26. Kxe2 Kf7 27. Kd3 Ke6 28. Ke4 f5+ 29. Kd4 Kd6 30. b4 b6 31. a4 c5+ 32. bxc5+ bxc5+ 33. Kc4 a6 34. g4 g6 35. Kd3 Kd5 36. g5 c4+ 37. Kc3 a5 38. h4 Kc5 39. Kc2 Kb4 40. Kb2 Kxa4 41. Kc3 Kb5 42. Kd4 a4 43. Ke5 a3 44. Kf6 a2 45. Kg7 a1=Q+ 46. Kxh7 Qa6 47. Kh6 c3 48. h5 gxh5+ 49. Kxh5 c2 50. g6 c1=Q 51. g7 Qh1+ 52. Kg5 Qhh6+ 53. Kxf5 Qhg6+ 54. Ke5 Qaf6+ 55. Kd5 Qgf5# 0-1


[Site "https://www.chess.com"]

[Event "Titled Tuesday Blitz May 9 Late 2023"]
[White "Vargas, Mauricio"]
[Black "Romanchuk, Viktor"]
[WhiteFideId "4404572"]
[BlackFideId "14109271"]
[WhiteElo "1986"]
[BlackElo "2242"]
[Result "0-1"]
[Round "11"]
[TimeControl "180+2"]
[Date "2023.05.09"]
[WhiteClock "0:00:00"]
[BlackClock "0:01:11"]

1. e4 c6 2. d4 d5 3. e5 c5 4. c3 Nc6 5. Be3 cxd4 6. cxd4 Bf5 7. Nd2 e6 8. a3 Qb6 9. h4 h6 10. Ngf3 Qxb2 11. Rb1 Bxb1 12. Nxb1 Bxa3 13. Bd3 Bb4+ 14. Nbd2 Nge7 15. O-O O-O 16. Bb1 Bxd2 17. Nxd2 Nxd4 18. f4 Ndf5 19. Bc5 Rfc8 20. Bf2 Rc3 21. g4 Ne3 22. Bxe3 Rxe3 23. Kf2 Qd4 24. Kg2 Rc8 25. Rf2 Rcc3 0-1


[Site "https://www.chess.com"]

[Event "Titled Tuesday Blitz May 9 Late 2023"]
[White "Sailer, Mike"]
[Black "Prado, Alexandra"]
[WhiteFideId "2012901"]
[BlackFideId "3301346"]
[WhiteElo "2109"]
[BlackElo "1759"]
[Result "1-0"]
[Round "11"]
[TimeControl "180+2"]
[Date "2023.05.09"]
[WhiteClock "0:00:22"]
[BlackClock "0:00:00"]

1. d4 Nf6 2. Bg5 Ne4 3. Bf4 d6 4. f3 Nf6 5. Nc3 g6 6. e4 Bg7 7. Qd2 Nc6 8. Bc4 O-O 9. Nge2 a6 10. a4 Re8 11. Bg5 Rb8 12. O-O Bd7 13. a5 Nb4 14. f4 h6 15. Bh4 d5 16. Bxf6 Bxf6 17. Nxd5 Nxd5 18. Bxd5 c6 19. Bc4 Bg4 20. c3 Bg7 21. Nc1 Qc7 22. h3 Bc8 23. Nd3 b5 24. Bb3 e6 25. Ne5 Bb7 26. f5 exf5 27. Bxf7+ Kh7 28. Bxg6+ Kh8 29. Bxe8 Rxe8 30. Rxf5 1-0